AoeStats
← moredc89

Arena

507067541Analyzed
2v2 RM · 16d ago on Sep 16, 2026· 59m 45s· 4 players
Game mode
Random Map
Map size
Medium (4 player)
Population
200
Speed
Normal
Resources
Standard
Victory
Conquest
Starting age
Dark Age
Ending age
Imperial Age
RankedLock teamsTeams togetherTeam positionsShared explorationLock speedFull tech treeHidden civsTurbo modeCheats
Victory
Defeat
🇪🇸 Britons · Spain
585
+11
🇬🇧 Britons · United Kingdom
548
+13
🇨🇱 Teutons · Chile
477
-12
🇪🇸 Turks · Spain
474
-12
Umbrylical
2:59 Loom
15:25 Feudal Age
18:00 Town Watch
26:32 Castle Age
27:01 Man-at-Arms
29:21 Wheelbarrow
28:10 Elite Skirmisher
30:48 Double-Bit Axe
31:17 Fletching
31:28 Padded Archer Armor
33:42 Fortified Wall
33:53 Ballistics
35:48 Bow Saw
39:15 Imperial Age
37:01 Horse Collar
37:22 Bodkin Arrow
37:42 Leather Archer Armor
39:21 Gambesons
39:37 Squires
40:01 Forging
39:52 Scale Mail Armor
40:59 Chemistry
46:52 Long Swordsman
48:05 Ring Archer Armor
47:51 Chain Mail Armor
48:11 Iron Casting
47:50 Masonry
48:20 Hoardings
48:39 Bloodlines
47:49 Cavalier
53:17 Town Patrol
53:33 Hand Cart
53:25 Scale Barding Armor
53:50 Plate Mail Armor
54:20 Blast Furnace
ManeiroXXi
0:27 Loom
11:40 Feudal Age
12:59 Double-Bit Axe
13:48 Horse Collar
14:03 Stone Mining
15:05 Gold Mining
16:54 Wheelbarrow
moredc89
11:00 Feudal Age
12:21 Wheelbarrow
11:30 Horse Collar
11:41 Double-Bit Axe
21:04 Castle Age
23:00 Heavy Plow
23:17 Bow Saw
23:36 Hand Cart
25:09 Town Watch
25:26 Gold Mining
25:27 Stone Mining
32:53 Town Patrol
35:52 Imperial Age
35:56 Fletching
36:07 Padded Archer Armor
36:07 Scale Mail Armor
36:13 Scale Barding Armor
36:19 Forging
36:52 Gold Shaft Mining
36:52 Yeomen
36:40 Arrowslits
37:56 Chemistry
36:55 Bodkin Arrow
36:50 Loom
38:18 Two-Man Saw
39:39 Elite Longbowman
40:42 Conscription
40:25 Warwolf
41:06 Hoardings
40:17 Elite Skirmisher
41:02 Squires
40:48 Gambesons
40:49 Arson
41:06 Husbandry
40:27 Light Cavalry
40:29 Cavalier
43:37 Siphons
43:54 Ballistics
43:42 Murder Holes
43:59 Fortified Wall
44:11 Leather Archer Armor
43:57 Bracer
44:33 Iron Casting
44:14 Chain Mail Armor
44:19 Chain Barding Armor
44:12 Heavy Cavalry Archer
44:13 Crossbowman
44:18 Pikeman
44:18 Man-at-Arms
47:17 Onager
47:18 Heavy Scorpion
53:48 Capped Ram
56:12 Long Swordsman
56:13 Halberdier
58:39 Ring Archer Armor
59:11 Blast Furnace
58:42 Plate Mail Armor
58:48 Plate Barding Armor
[ART] Amnesia
11:43 Feudal Age
12:53 Loom
13:05 Gold Mining
15:37 Double-Bit Axe
20:55 Fletching
29:47 Castle Age
29:50 Crossbowman
31:12 Bodkin Arrow
33:05 Padded Archer Armor
34:41 Wheelbarrow
36:59 Gold Shaft Mining
47:30 Imperial Age
48:13 Bracer
48:41 Conscription
50:07 Arbalester
52:33 Leather Archer Armor
53:43 Hoardings
Connection lost

Rejoining the realm…

Still unreachable

The connection could not be restored.

Session expired

The server has moved on; the page needs a fresh start.